Map: Abyssal Reef LE

Players

NjNj

  • Race: Protoss Protoss
  • League: Master
  • Spawn Location: 5:00

Railgan - Winner!

  • Race: Zerg Zerg
  • League: Grandmaster
  • Spawn Location: 11:00

VOD

Have the link to the VOD?

Description

Time

  • Played on: March 24, 2017, 6:38 p.m.
  • Length: 13:28
Show
View Real Time Build Order
Export as new Build Order

NjNj Protoss 

Build Orders: 1 Gate Expand 

Get SALT Encoding   

  12  0:00  Probe (Chrono Boost)  
  13  0:11  Probe (Chrono Boost)  
  14  0:19  Pylon  
  14  0:22  Probe (Chrono Boost)  
  15  0:38  Probe (Chrono Boost)  
  15  0:40  Gateway  
  16  0:48  Probe (Chrono Boost)  
  17  0:50  Assimilator  
  17  0:59  Probe (Chrono Boost)  
  18  1:09  Probe (Chrono Boost)  
  19  1:20  Probe (Chrono Boost)  
  20  1:30  Probe (Chrono Boost)  
  21  1:33  Nexus  
  21  1:40  Cybernetics Core  
  21  1:43  Probe (Chrono Boost)  
  22  1:48  Assimilator  
  22  1:54  Pylon  
  22  1:58  Probe (Chrono Boost)  
  23  2:12  Probe (Chrono Boost), Stalker  
  24  2:20  Warp Gate  
  26  2:25  Probe (Chrono Boost)  
  28  2:38  Probe (Chrono Boost)  
  28  2:40  Adept  
  30  2:47  Probe (Chrono Boost)  
  33  2:51  Mothership Core (Chrono Boost)  
  33  2:58  Probe (Chrono Boost)  
  34  3:03  Robotics Facility  
  34  3:08  Probe (Chrono Boost)  
  34  3:10  Probe (Chrono Boost)  
  34  3:11  Adept  
  38  3:19  Probe (Chrono Boost)  
  39  3:20  Probe (Chrono Boost)  
  40  3:29  Probe (Chrono Boost)  
  40  3:31  Probe (Chrono Boost)  
  42  3:34  Gateway  
  42  3:35  Gateway  
  42  3:38  Adept  
  42  3:40  Probe (Chrono Boost)  
  45  3:42  Probe (Chrono Boost)  
  45  3:43  Pylon  
  46  3:57  Robotics Bay  
  46  4:02  Probe (Chrono Boost)  
  48  4:03  Probe (Chrono Boost)  
  48  4:05  Observer  
  49  4:12  Probe (Chrono Boost)  
  49  4:14  Assimilator  
  49  4:15  Probe (Chrono Boost)  
  51  4:17  Assimilator  
  51  4:23  Probe (Chrono Boost)  
  52  4:29  Warp Prism  
  53  4:32  Pylon  
  54  4:40  Gravitic Drive  
  54  4:42  Nexus  
  54  4:44  Pylon  
  54  4:45  Pylon  
  54  4:52  Probe x2 (Chrono Boost)  
  56  5:00  Disruptor  
  56  5:04  Probe x2 (Chrono Boost)  
  60  5:16  Probe x2 (Chrono Boost)  
  61  5:25  Adept x3  
  69  5:28  Probe x2 (Chrono Boost)  
  69  5:31  Disruptor  
  69  5:33  Twilight Council  
  69  5:39  Probe (Chrono Boost)  
  69  5:40  Probe (Chrono Boost)  
  74  5:50  Probe (Chrono Boost), Assimilator  
  74  5:51  Forge  
  74  5:52  Probe (Chrono Boost)  
  74  5:56  Assimilator  
  76  5:57  Blink  
  76  6:01  Probe (Chrono Boost)  
  78  6:04  Probe (Chrono Boost)  
  78  6:05  Immortal  
  78  6:08  Probe (Chrono Boost)  
  84  6:12  Probe (Chrono Boost)  
  84  6:17  Probe (Chrono Boost)  
  85  6:19  Probe (Chrono Boost)  
  85  6:22  Protoss Ground Weapons Level 1  
  85  6:24  Probe (Chrono Boost)  
  85  6:25  Sentry x3  
  93  6:31  Pylon  
  93  6:34  Pylon  
  93  6:38  Pylon  
  93  6:40  Templar Archives  
  93  6:50  Probe (Chrono Boost)  
  93  6:51  Probe x2 (Chrono Boost)  
  96  6:57  Stargate  
  96  7:00  Adept x3, Stargate, Probe (Chrono Boost)  
  103  7:03  Probe x2 (Chrono Boost)  
  105  7:11  Probe (Chrono Boost)  
  108  7:15  Probe x2 (Chrono Boost)  
  108  7:17  Immortal  
  108  7:21  Probe (Chrono Boost)  
  113  7:25  Gateway x2  
  113  7:27  Probe x2 (Chrono Boost)  
  113  7:28  Gateway  
  115  7:31  Gateway  
  115  7:32  Photon Cannon, Probe (Chrono Boost)  
  116  7:39  Pylon x2, Probe (Chrono Boost)  
  116  7:41  Pylon  
  117  7:57  Probe (Chrono Boost)  
  124  7:59  Probe x2 (Chrono Boost), Immortal  
  128  8:08  Probe (Chrono Boost)  
  128  8:11  Void Ray x2, Probe x2 (Chrono Boost)  
  131  8:18  Probe (Chrono Boost)  
  136  8:23  Probe (Chrono Boost)  
  137  8:29  Stalker  
  139  8:36  Stalker x5  
  139  8:50  Void Ray  
  139  8:52  Void Ray  
  139  9:00  Immortal  
  137  9:05  Stalker x4  
  76  9:24  Stalker x3  
  76  9:27  Void Ray  
  76  9:29  Void Ray  
  78  9:48  Adept x5  
  78  9:49  Adept  
  86  9:54  Immortal  
  78  10:03  Probe x2 (Chrono Boost)  
  78  10:04  Void Ray  
  73  10:17  High Templar x2  
  73  10:18  High Templar x2  
  73  10:20  Stalker  
  73  10:21  Stalker x2  
  87  10:23  Archon x2  
  87  10:26  Probe (Chrono Boost)  
  87  10:27  Probe (Chrono Boost)  
  87  10:28  Probe (Chrono Boost)  
  90  10:29  Warp Prism  
  90  10:33  Void Ray  
  92  10:38  Probe (Chrono Boost)  
  92  10:39  Probe (Chrono Boost)  
  92  10:40  Probe (Chrono Boost)  
  99  10:44  Void Ray  
  103  10:55  Adept x2  
  107  10:57  Colossus  
  107  11:10  Sentry  
  115  11:12  Void Ray  
  115  11:21  Void Ray  
  115  11:23  Stalker  
  115  11:24  Stalker  
  127  11:33  Stalker x3  
  103  11:58  Stalker x5  
  103  11:59  Stalker x2  
  99  12:06  Warp Prism  
  89  12:27  Stalker x3  
  89  12:28  Stalker x2  
  87  12:50  High Templar x2  
  91  12:51  High Templar x2  
  91  12:53  Stalker  
  91  12:54  Archon, Stalker  
  91  12:55  Archon  
  91  12:58  Stalker  
  91  13:19  Stalker  
  75  13:20  Stalker  
Show
View Real Time Build Order
Export as new Build Order

Railgan Zerg - Winner!

Build Orders: Hatch First 

Get SALT Encoding   

  12  0:01  Drone  
  13  0:13  Overlord  
  13  0:17  Drone  
  14  0:31  Drone x2  
  14  0:35  Drone  
  17  0:52  Drone  
  18  1:00  Hatchery  
  18  1:01  Drone  
  18  1:06  Extractor  
  17  1:15  Spawning Pool  
  16  1:18  Drone  
  16  1:21  Drone  
  18  1:30  Drone  
  19  1:45  Drone  
  20  1:58  Overlord  
  20  2:02  Hatchery  
  20  2:03  Zergling x2  
  20  2:08  Queen  
  22  2:16  Drone  
  22  2:18  Metabolic Boost  
  23  2:23  Drone  
  23  2:28  Zergling x4  
  26  2:39  Queen  
  26  2:44  Drone x2  
  30  2:54  Drone  
  30  2:55  Drone  
  30  2:57  Drone  
  33  3:00  Overlord  
  33  3:06  Overlord  
  33  3:19  Drone x6  
  38  3:23  Queen  
  38  3:25  Zergling x2  
  41  3:33  Drone x2  
  43  3:35  Queen  
  43  3:36  Zergling x2  
  43  3:40  Drone  
  47  3:42  Drone  
  47  3:46  Drone  
  47  3:47  Overlord  
  49  3:49  Drone  
  49  3:55  Roach Warren, Drone  
  50  4:04  Overlord  
  50  4:07  Drone x5  
  55  4:10  Drone  
  56  4:20  Extractor, Evolution Chamber  
  56  4:22  Drone x2  
  56  4:23  Drone  
  56  4:24  Extractor  
  56  4:25  Zergling x10  
  56  4:30  Drone  
  62  4:34  Drone  
  63  4:40  Overlord  
  63  4:42  Roach  
  63  4:44  Spore Crawler  
  63  4:45  Spore Crawler  
  62  4:47  Spore Crawler  
  62  4:51  Zerg Melee Weapons Level 1  
  62  4:52  Overlord x2, Roach x2  
  65  5:00  Drone x2  
  65  5:01  Drone  
  65  5:06  Drone x2  
  69  5:07  Drone x2  
  69  5:10  Drone  
  72  5:15  Lair  
  72  5:16  Queen  
  72  5:20  Drone x4  
  78  5:22  Drone  
  78  5:24  Drone x2  
  81  5:30  Extractor  
  81  5:33  Drone x3  
  83  5:36  Drone x2  
  83  5:37  Overlord  
  83  5:40  Baneling Nest, Roach  
  83  5:42  Overlord  
  86  5:46  Extractor, Roach x2  
  86  5:48  Extractor  
  88  5:51  Roach  
  88  5:52  Overlord  
  88  5:55  Drone x4  
  94  6:00  Overlord  
  94  6:02  Drone, Roach  
  94  6:04  Drone x2  
  99  6:08  Drone  
  93  6:13  Drone  
  93  6:14  Drone x2  
  93  6:17  Spire, Zergling x8  
  99  6:19  Glial Reconstitution  
  99  6:26  Roach  
  99  6:31  Roach x2  
  105  6:33  Zergling x4  
  105  6:34  Zergling x6  
  105  6:48  Drone  
  104  6:55  Drone  
  104  6:56  Zerg Melee Weapons Level 2  
  104  7:01  Zergling x12  
  111  7:05  Hatchery  
  110  7:11  Drone x5  
  110  7:13  Hatchery  
  109  7:18  Centrifical Hooks  
  109  7:21  Zergling x10  
  109  7:22  Zergling x2  
  115  7:26  Overlord  
  115  7:29  Overlord  
  115  7:30  Overlord  
  115  7:34  Corruptor  
  115  7:35  Corruptor  
  115  7:36  Corruptor  
  121  7:37  Ravager  
  121  7:39  Baneling x5  
  121  7:42  Overlord  
  120  7:52  Zergling x2  
  120  7:53  Zergling x12  
  120  7:54  Ravager x5  
  120  7:55  Baneling x3  
  132  7:59  Zergling x2  
  132  8:00  Zergling x6  
  132  8:02  Drone, Zergling x2  
  132  8:03  Infestation Pit, Zerg Flyer Weapons Level 1, Zergling x2  
  138  8:06  Zergling x2  
  139  8:15  Corruptor  
  139  8:16  Zergling x8  
  145  8:23  Zergling x2  
  145  8:25  Zergling x2  
  146  8:35  Zergling x6  
  146  8:36  Corruptor  
  146  8:37  Zergling x2  
  146  8:38  Zergling x4  
  146  8:39  Baneling x10  
  146  8:40  Baneling x7  
  153  8:42  Hive  
  146  8:49  Zergling x2  
  139  9:00  Zergling x2  
  139  9:02  Zergling x2  
  134  9:06  Zergling x20  
  134  9:07  Zergling x2  
  132  9:16  Zergling x2  
  125  9:17  Zergling x6  
  125  9:19  Zergling x12  
  125  9:22  Zergling x2  
  124  9:24  Hydralisk Den  
  124  9:25  Zergling x2  
  124  9:27  Zergling x2  
  122  9:31  Zergling x2  
  122  9:38  Zergling x4  
  116  9:40  Zergling x2  
  116  9:41  Corruptor  
  116  9:43  Zergling x2  
  114  9:48  Zergling x8  
  114  9:50  Corruptor  
  114  9:51  Corruptor  
  114  9:52  Drone  
  115  9:56  Zergling x2  
  115  9:59  Zergling x2  
  108  10:00  Zergling x6  
  108  10:01  Zergling x2  
  108  10:06  Zergling x2  
  104  10:09  Zergling x12  
  104  10:12  Hydralisk  
  110  10:15  Hydralisk x2  
  110  10:17  Muscular Augments  
  110  10:20  Zerg Missile Weapons Level 1  
  114  10:22  Drone x2  
  114  10:25  Hydralisk, Evolution Chamber  
  114  10:26  Baneling  
  114  10:27  Baneling x6, Zergling x2  
  118  10:28  Drone  
  118  10:30  Drone  
  118  10:31  Drone  
  118  10:34  Drone  
  118  10:35  Overlord  
  121  10:36  Drone  
  121  10:39  Hydralisk x2  
  121  10:40  Drone x2  
  121  10:41  Drone  
  120  10:50  Drone x3  
  120  10:51  Drone  
  124  10:59  Adrenal Glands  
  124  11:00  Drone  
  124  11:01  Ultralisk Cavern  
  124  11:03  Drone  
  125  11:06  Extractor  
  125  11:07  Extractor, Hydralisk, Roach x5  
  125  11:08  Hydralisk x4  
  143  11:13  Drone x2  
  143  11:17  Hydralisk x3  
  145  11:19  Drone  
  145  11:20  Overlord  
  145  11:25  Hydralisk x5  
  146  11:27  Baneling x3  
  156  11:37  Hydralisk  
  158  11:41  Hydralisk x3  
  156  11:49  Hydralisk  
  156  11:50  Hydralisk  
  138  11:55  Hydralisk x3  
  138  11:56  Hydralisk x7  
  138  11:58  Hydralisk  
  138  12:01  Hydralisk  
  150  12:03  Hydralisk  
  150  12:04  Hydralisk  
  152  12:11  Zergling x16  
  152  12:13  Zergling x2  
  159  12:25  Zergling x2  
  159  12:26  Zergling x10  
  165  12:31  Hatchery  
  165  12:33  Zergling x2  
  159  12:37  Zergling x2  
  159  12:40  Zergling x8  
  156  12:50  Drone x2  
  162  12:57  Extractor  
  179  12:58  Extractor  
  179  12:59  Overlord  
  179  13:03  Overlord  
Tags
 
Add a new tag
Caveats
  • Supply blocks, unpowered buildings, or Contaminate may cause inaccurate times.
  • Supply counts are checked every 10 seconds.